 Dungeon Crawl Stone Soup version 0.26-a0-264-g3a471323bd (webtiles) character file.

Game seed: 11999941770390439065

15064 Wormfoot the Slinger (level 11, -1/95 HPs)
             Began as a Centaur Hunter on July 11, 2020.
             Was a High Priest of the Shining One.
             Slain by an elephant (12 damage)
             ... on level 2 of the Lair of Beasts.
             The game lasted 01:13:15 (10357 turns).

Wormfoot the Slinger (Centaur Hunter)              Turns: 10357, Time: 01:13:16

Health: -1/95      AC: 15    Str: 17    XL:     11   Next: 96%
Magic:  14/14      EV: 15    Int: 13    God:    the Shining One [*****.]
Gold:   643        SH:  0    Dex: 11    Spells: 14/14 levels left

rFire    . . .     SeeInvis .   X - +6 battleaxe
rCold    . . .     Faith    .   (shield currently unavailable)
rNeg     + + .     Spirit   .   B - +7 ring mail of the Great Game {Harm Int+3 Slay+3}
rPois    .         Reflect  .   (no helmet)
rElec    .         Harm     +   (no cloak)
rCorr    .                      Y - +1 pair of gloves
MR       .....                  (no barding)
Stlth    +.........             j - amulet of regeneration
HPRegen  0.65/turn              O - ring of flight
MPRegen  0.14/turn              z - +4 ring of evasion

@: glowing, very quick
A: large, hooves 3, deformed body, speed 2, tough skin 3
a: Divine Shield, Cleansing Flame, Summon Divine Warrior, Renounce Religion,
Evoke Flight


You were on level 2 of the Lair of Beasts.
You worshipped the Shining One.
The Shining One was extremely pleased with you.
You were not hungry.

You visited 3 branches of the dungeon, and saw 12 of its levels.
You also visited: Ossuary.

You collected 643 gold pieces.

Inventory:

Hand Weapons
 a - a +2 hunting sling
 m - a +5 short sword
 w - a +4 hunting sling of flaming
 C - a +2 shortbow of flaming
 E - a +0 whip of freezing
 F - a +1 whip of distortion
 G - a +2 dagger of venom
 I - a +4 shortbow
 W - a +4 great sword
 X - a +6 battleaxe (weapon)
Missiles
 d - 121 sling bullets
 g - 380 stones (quivered)
 r - 44 bolts
 u - 50 poisoned darts
 v - 3 throwing nets
 D - 193 arrows
 T - 8 silver boomerangs
Armour
 c - a +0 leather armour
 l - a +0 leather armour
 n - a +2 plate armour
 p - a +1 leather armour of cold resistance
 B - the +7 ring mail of the Great Game (worn) {Harm Int+3 Slay+3}
   (You found it on level 7 of the Dungeon)

   It affects your intelligence (+3).
   It affects your accuracy and damage with ranged weapons and melee attacks
   (+3).
   It increases damage dealt and taken.
 Y - a +1 pair of gloves (worn)
Magical Staves
 k - an uncursed staff of wizardry
Jewellery
 j - an amulet of regeneration (around neck)
 z - a +4 ring of evasion (right hand)
 H - an uncursed ring of fire
 O - a ring of flight (left hand)
 R - an uncursed ring of ice
Wands
 t - a wand of polymorph (6)
 S - a wand of flame (36)
Scrolls
 h - 2 scrolls of random uselessness {unknown}
 o - 4 scrolls of immolation
 q - 4 scrolls of teleportation
 s - 2 scrolls of identify
 y - 3 scrolls of blinking
 A - a scroll of magic mapping
 L - a scroll of acquirement {unknown}
 M - a scroll of amnesia
 N - a scroll of summoning {unknown}
 U - a scroll of fear
 V - a scroll of fog {unknown}
Potions
 b - 5 potions of haste
 e - a potion of invisibility
 i - 3 potions of curing
 x - 2 potions of brilliance
 J - 2 potions of flight
 K - 2 potions of might
 P - a potion of mutation {unknown}
 Q - 2 potions of cancellation {unknown}
Comestibles
 f - 26 rations


   Skills:
 + Level 8.3 Fighting
 + Level 2.8 Long Blades
 + Level 7.9 Axes
 + Level 10.2 Slings
 + Level 8.3 Bows
 + Level 1.0(6.5) Throwing
 + Level 3.4 Armour
 + Level 6.5 Dodging
 + Level 3.0 Stealth
 - Level 2.0 Spellcasting


You had 14 spell levels left.
You didn't know any spells.
Your spell library contained the following spells:

 Spells                   Type           Power        Failure   Level
 Sandblast                Erth           #.....       41%         1
 Passwall                 Tmut/Erth      #.......     56%         2
 Poisonous Vapours        Pois/Air       #.....       56%         2
 Conjure Flame            Conj/Fire      #.......     80%         3
 Mephitic Cloud           Conj/Pois/Air  #.......     80%         3
 Stone Arrow              Conj/Erth      #.....       80%         3
 Petrify                  Tmut/Erth      #.......     99%         4
 Lee's Rapid Deconstruct  Erth           #.........   100%        5
 Freezing Cloud           Conj/Ice/Air   #.........   100%        6
 Ring of Flames           Chrm/Fire      #.........   100%        7


Dungeon Overview and Level Annotations

Branches:
Dungeon (9/15)             Temple (1/1) D:7            Lair (2/6) D:9
 Shoals (0/4) Lair:2      Ossuary (visited)
  Snake: Lair:2-4    Spider: Lair:2-4       Orc: D:9-12

Altars:
Ashenzari
Cheibriados
Dithmenos
Elyvilon
Fedhas
Gozag
Hepliaklqana
Kikubaaqudgha
Makhleb
Nemelex Xobeh
Okawaru
Qazlal
Ru
Sif Muna
Trog
Uskayaw
Vehumet
Wu Jian
Xom
Yredelemnul
Zin
The Shining One

Shops:
D:7 (


Innate Abilities, Weirdness & Mutations

You have hooves in place of feet.
Armour fits poorly on your strangely shaped body.
You cover ground very quickly.
You have extremely tough skin. (AC +3)


Message History

You slash the elephant!
The elephant is almost dead.
You slash the elephant! You hit the elephant. The elephant closely misses you.
The elephant trunk-slaps you but does no damage.
The elephant tramples you!
* * * LOW HITPOINT WARNING * * *
You hold your ground!
The elephant trunk-slaps you but does no damage.
The elephant tramples you! The Shining One protects you from harm!
You hold your ground!
The elephant misses you. The elephant barely misses you.
The elephant completely misses you. The elephant misses you.
The elephant trunk-slaps you but does no damage.
You feel much better. The elephant tramples you!
* * * LOW HITPOINT WARNING * * *
You hold your ground!
The elephant barely misses you.
The elephant tramples you but does no damage.
The elephant trunk-slaps you but does no damage.
The elephant tramples you!
You die...

##......## #......
#.......#####.......
#.........##........
#P.#....##.#....=...
#.≈##.≈##≈.#........
###.#≈≈.≈≈≈..........
#..≈..≈...≈†.......##
##..≈≈.>.#YY#.....##
#..≈≈..≈Y@Y...#..# .+. ^+.
#.≈≈##≈###....##.##.≈...≈.
##.≈##≈..#≈≈...####.^≈≈≈≈≈.
#...≈≈...≈..##...###^. ≈≈#^
##.....###..#.....##^###.#
##.##.# #....##..##...#.##
###### #.#..##...#...^...
###..####..^#..... #.##
##^..#....


You could see 4 elephants.

Vanquished Creatures
  Harold (Lair:2)
  Pikel (D:7)
  2 elephants (Lair:2)
  Joseph (D:7)
  3 black mambas (Lair:1)
  2 cane toads (Lair:1)
  3 hippogriffs (Lair:1)
  5 blink frogs (Lair:1)
  16 yaks
  A wyvern (D:8)
  A basilisk (Lair:1)
  4 water moccasins (Lair:1)
  9 porcupines
  4 black bears (D:9)
  3 ice beasts
  2 sky beasts
  5 phantoms
  A necrophage (D:8)
  10 wolves (Lair:2)
  5 centaurs
  4 crocodiles
  5 ogres
  A big kobold (D:5)
  12 bullfrogs
  A gnoll sergeant (D:8)
  2 scorpions
  4 killer bees (D:7)
  3 howler monkeys
  5 wights (D:8)
  An electric eel (Lair:2)
  A bullfrog zombie (D:7)
  5 centaur zombies
  An orc priest (D:9)
  A jelly (D:8)
  2 centaur skeletons
  5 hounds
  2 bullfrog skeletons
  2 iguanas
  5 worker ants
  2 orc wizards (D:8)
  A hound zombie (D:8)
  6 mummies (Ossuary)
  A worker ant zombie (D:8)
  9 adders
  7 gnolls
  A white imp (D:7)
  3 oozes
  3 adder skeletons
  2 worms
  2 dart slugs
  4 leopard geckos
  9 orcs
  A ball python (D:3)
  4 bats
  6 giant cockroaches
  A gnoll zombie (D:8)
  7 goblins
  10 hobgoblins
  13 jackals
  29 kobolds
  6 quokkas
  12 frilled lizards
  A goblin zombie (D:8)
  4 hobgoblin zombies (Ossuary)
  A leopard gecko zombie (D:6)
  5 rats
  21 fungi (D:9)
  33 plants (D:9)
345 creatures vanquished.

Vanquished Creatures (others)
  24 fungi (D:9)
  4 plants (D:9)
  2 withered plants (D:5)
30 creatures vanquished.

Grand Total: 375 creatures vanquished

Notes
Turn   | Place    | Note
-------+----------+-------------------------------------------
     0 | D:1      | Wormfoot the Centaur Hunter began the quest for the Orb.
     0 | D:1      | Reached XP level 1. HP: 17/17 MP: 1/1
   129 | D:1      | Reached XP level 2. HP: 24/24 MP: 2/2
   846 | D:1      | Reached skill level 1 in Stealth
   955 | D:2      | Reached XP level 3. HP: 30/30 MP: 3/3
  1004 | D:2      | Found a glowing golden altar of the Shining One.
  1015 | D:2      | Became a worshipper of the Shining One
  1679 | D:2      | Reached XP level 4. HP: 37/37 MP: 4/4
  1891 | D:3      | Reached skill level 5 in Slings
  2037 | D:3      | Reached XP level 5. HP: 45/45 MP: 5/5
  2787 | D:4      | Noticed a phantom
  2795 | D:4      | Found a blossoming altar of Fedhas.
  3004 | D:4      | Reached XP level 6. HP: 48/51 MP: 6/6
  3017 | D:4      | Reached * piety under the Shining One
  3323 | D:5      | Entered Level 5 of the Dungeon
  3624 | D:5      | Reached skill level 6 in Slings
  3624 | D:5      | Reached XP level 7. HP: 35/59 MP: 7/7
  3786 | D:5      | Found an ancient bone altar of Kikubaaqudgha.
  3845 | D:5      | Reached skill level 1 in Bows
  4038 | D:5      | Reached XP level 8. HP: 67/67 MP: 8/8
  4567 | D:6      | Found a blossoming altar of Fedhas.
  4732 | D:6      | Reached skill level 5 in Bows
  4766 | D:6      | Reached ** piety under the Shining One
  5026 | D:6      | Found a sparkling altar of Nemelex Xobeh.
  5026 | D:6      | Found a stormy altar of Qazlal.
  5084 | D:6      | Reached skill level 5 in Dodging
  5351 | D:7      | Found Lusug's Antique Weapon Shoppe.
  5363 | D:7      | Reached skill level 5 in Fighting
  5363 | D:7      | Reached skill level 7 in Slings
  5455 | D:7      | Noticed Joseph
  5468 | D:7      | Killed Joseph
  5468 | D:7      | Reached XP level 9. HP: 23/74 MP: 9/9
  5785 | D:7      | Reached skill level 8 in Slings
  5835 | D:7      | Got a transparent ring mail
  5846 | D:7      | Identified the +7 ring mail of the Great Game {Harm Int+3
                  | Slay+3} (You found it on level 7 of the Dungeon)
  5911 | D:7      | Found a staircase to the Ecumenical Temple.
  5911 | D:7      | Noticed Pikel
  5916 | D:7      | Killed Pikel
  5928 | Temple   | Entered the Ecumenical Temple
  6161 | D:7      | Found a basalt altar of Yredelemnul.
  6564 | D:8      | Reached skill level 9 in Slings
  6616 | D:8      | Reached *** piety under the Shining One
  6701 | D:8      | Reached XP level 10. HP: 84/84 MP: 10/10
  6863 | D:8      | Found a sand-covered staircase.
  6872 | Ossuary  | Entered an ossuary
  6892 | Ossuary  | Reached **** piety under the Shining One
  7533 | D:9      | Found a staircase to the Lair.
  7536 | D:9      | Reached skill level 10 in Slings
  7538 | D:9      | Reached skill level 1 in Long Blades
  7562 | D:9      | Reached skill level 1 in Throwing
  7671 | D:9      | Reached skill level 1 in Axes
  7671 | D:9      | Reached skill level 1 in Armour
  8382 | Lair:1   | Entered Level 1 of the Lair of Beasts
  8382 | Lair:1   | Reached ***** piety under the Shining One
  8392 | Lair:1   | Reached skill level 1 in Spellcasting
  8543 | Lair:1   | Reached XP level 11. HP: 45/92 MP: 11/13
  8894 | Lair:1   | Reached skill level 5 in Axes
  9936 | Lair:2   | Noticed Harold
  9961 | Lair:2   | Killed Harold
 10301 | Lair:2   | Found a staircase to the Shoals.
 10356 | Lair:2   | The Shining One protects you from harm!
 10357 | Lair:2   | Slain by an elephant

Illustrated notes

Levels and vault maps discovered:
D:1:      minmay_arrival_radiant_lines, layout_basic, hangedman_decor_slide_cut
D:2:      layout_loops_cross, overflow_temple_1_default
D:3:      layout_loops_ring, first_ration, minmay_misc_feat_iff
D:4:      cheibrodos_quashed, layout_gridville, kennysheep_mini_moat
D:5:      kennysheep_kobold_camp, layout_rooms, kiku_gazebo_garden_becter,
          minmay_fountain_box
D:6:      layout_basic, gammafunk_temple_overflow_elements,
          fedhas_bush_and_centaur_altar
D:7:      layout_basic, old_standard_altar, minmay_temple_entry_hall,
          serial_shops, shop_statue, grunt_ogre_cave, uniq_pikel, uniq_joseph
D:8:      layout_basic, enter_ossuary_3
D:9:      layout_irregular_city, due_lair_maze_entry_diamond
Temple:   regret_index_temple_sphere_string
Lair:1:   layout_regular_city, chequers_serial_rivers_marsh,
          hangedman_lair_generics_rect
Lair:2:   layout_cave_pods, elwin_shoals_entry_rocks,
          nicolae_spider_entry_orb_guardian, infiniplex_staircase_pool,
          grunt_megastairs_1, uniq_harold

Skill      XL: |  1  2  3  4  5  6  7  8  9 10 11 |
---------------+----------------------------------+-----
Stealth        | 1 2 3 |  3.0
Dodging        | 2 3 5 6 |  6.5
Slings         | 5 6 7 9 10 | 10.2
Fighting       | 3 4 5 6 7 8 |  8.3
Bows           | 2 6 7 8 |  8.3
Long Blades    | 2 |  2.8
Throwing       | 1 |  1.0
Axes           | 3 7 |  7.9
Armour         | 1 3 |  3.4
Spellcasting   | 1 2 |  2.0

Action                   |  1- 3 |  4- 6 |  7- 9 | 10-12 || total
-------------------------+-------+-------+-------+-------++-------
Melee: Kick              |     1 |     5 |     4 |    69 ||    79
       Short sword       |     1 |       |       |       ||     1
       Long sword        |       |    14 |    10 |       ||    24
       Staff             |       |     3 |       |       ||     3
       Battleaxe         |       |       |       |   236 ||   236
       Great sword       |       |       |       |    18 ||    18
 Fire: Hunting sling     |   122 |   130 |   239 |    67 ||   558
       Shortbow          |       |       |    53 |       ||    53
Throw: Stone             |       |       |       |    28 ||    28
 Abil: Evoke Flight      |       |       |       |     1 ||     1
Evoke: Wand              |       |       |       |     1 ||     1
  Use: Potion            |     3 |     1 |     6 |     5 ||    15
       Scroll            |     2 |    12 |     2 |     6 ||    22
  Eat: Ration            |     1 |     1 |     2 |     3 ||     7
Armor: Leather armour    |    10 |     8 |       |       ||    18
       Plate armour      |    23 |    26 |    96 |       ||   145
       Ring mail         |       |       |     2 |   161 ||   163
Dodge: Dodged            |    14 |    17 |    32 |   248 ||   311
       Rpst.: Long sword |       |       |     2 |       ||     2
       Great sword       |       |       |       |     9 ||     9

Table legend:
 A = Non-vault XP
 B = Vault XP
 C = Vault XP percentage of total XP
 D = Non-vault monster count
 E = Vault monster count
 F = Vault count percentage of total count
                 A         B        C        D         E       F
            +---------+---------+-------+---------+---------+-------
      Total |   13561 |    7960 |  37.0 |     220 |      71 |  24.4
            +---------+---------+-------+---------+---------+-------
        D:1 |      39 |       0 |   0.0 |      19 |       0 |   0.0
        D:2 |      73 |       0 |   0.0 |      24 |       0 |   0.0
        D:3 |     146 |       0 |   0.0 |      34 |       0 |   0.0
        D:4 |     329 |       0 |   0.0 |       7 |       0 |   0.0
        D:5 |     892 |     130 |  12.7 |      18 |      21 |  53.8
        D:6 |     675 |     112 |  14.2 |       8 |       1 |  11.1
        D:7 |     885 |    1222 |  58.0 |      15 |       3 |  16.7
        D:8 |    1787 |       3 |   0.2 |      39 |       2 |   4.9
        D:9 |    1316 |    1284 |  49.4 |      17 |      11 |  39.3
     Lair:1 |    4829 |    2189 |  31.2 |      23 |       8 |  25.8
     Lair:2 |    2590 |    2767 |  51.7 |      16 |      12 |  42.9
    Ossuary |       0 |     253 | 100.0 |       0 |      13 | 100.0
            +---------+---------+-------+---------+---------+-------
